 Dungeon Sprint DCSS version 0.27.1-1-g398f81649c (webtiles) character file.

Game seed: 6735918904836953316

13118 boopmooplesden the Severer (level 11, -9/172 HPs)
             Began as a Minotaur Fighter on Sept 14, 2021.
             Was a High Priest of Okawaru.
             Mangled by an orc knight (15 damage)
             ... in the Dungeon (Sprint IX: "|||||||||||||||||||||||||||||").
             The game lasted 00:04:47 (2118 turns).

boopmooplesden the Severer (Minotaur Fighter)       Turns: 2118, Time: 00:04:48

Health: -9/172     AC: 23    Str: 24    XL:     11   Next: 71%
Magic:  10/12      EV: 11    Int:  5    God:    Okawaru [*****.]
Gold:   1261       SH: 16    Dex: 10    Spells: 10/10 levels left

rFire    . . .     SeeInvis .   m - +2 broad axe (vorpal)
rCold    . . .     Faith    .   c - +0 kite shield
rNeg     . . .     Spirit   .   p - +0 plate armour
rPois    .         Reflect  .   (helmet restricted)
rElec    .         Harm     .   (no cloak)
rCorr    .         Rampage  .   A - +0 pair of gloves
Will     .....     NoTele   +   n - +0 pair of boots
Stlth    ..........             (no amulet)
HPRegen  0.38/turn              (no ring)
MPRegen  0.13/turn              (no ring)

@: berserking (expiring), heroic, very quick
A: horns 2, retaliatory headbutt
a: Renounce Religion, Heroism, Finesse


You were in the Dungeon.
You worshipped Okawaru.
Okawaru was extremely pleased with you.
You visited 1 branch You collected 1261 gold pieces.

Inventory:

Hand Weapons
 a - a +1 war axe
 m - a +2 vorpal broad axe (weapon)
Missiles
 u - 6 silver javelins (quivered)
Armour
 c - a +0 kite shield (worn)
 n - a +0 pair of boots (worn)
 p - a +0 plate armour (worn)
 A - a +0 pair of gloves (worn)
Jewellery
 q - a +2 ring of protection
 r - a +2 ring of protection
 y - a +4 ring of slaying
Wands
 b - a wand of mindburst (10)
 l - a wand of iceblast (10)
Scrolls
 j - 2 scrolls of blinking
 k - 2 scrolls of amnesia
 t - 2 scrolls of fear
 v - a scroll of fog
 w - 5 scrolls of identify
 z - a scroll of acquirement
Potions
 d - a potion of invisibility
 e - 6 potions of curing
 g - 2 potions of haste
 h - 4 potions of magic
 s - a potion of brilliance


   Skills:
 + Level 16.4(21.4) Fighting
 + Level 18.7(23.7) Axes
 + Level 15.2(20.2) Armour
 + Level 4.8(9.8) Dodging
 + Level 3.5(8.5) Stealth
 + Level 16.3(21.3) Shields
 + Level 2.8 Invocations


You had 10 spell levels left.
You didn't know any spells.
Your spell library contained the following spells:

 Spells                   Type           Power      Damage    Failure   Level
 Borgnjor's Revivificati  Necr           0%         N/A       100%        8
 Necromutation            Tmut/Necr      0%         N/A       100%        8
 Death's Door             Necr           0%         N/A       100%        9


Dungeon Overview and Level Annotations

Branches:
Dungeon (1/1)

Altars:
Cheibriados
Dithmenos
Elyvilon
Fedhas
Gozag
Hepliaklqana
Kikubaaqudgha
Makhleb
Nemelex Xobeh
Okawaru
Qazlal
Ru
Sif Muna
Trog
Uskayaw
Vehumet
Wu Jian
Xom
Yredelemnul
Zin
The Shining One
Beogh
Jiyva
Lugonu

Shops:
D [(


Innate Abilities, Weirdness & Mutations

You have a pair of horns on your head.
You reflexively headbutt those who attack you in melee.


Message History

* * * LOW HITPOINT WARNING * * *
You slash the orc knight!
The orc knight is heavily wounded.
You block the orc knight's attack.
Okay, then.
You hit the orc knight.
The orc knight is severely wounded.
A red film seems to cover your vision as you go berserk!
You feel yourself moving faster!
You feel mighty!
The orc knight hits you with a +0 great mace!
* * * LOW HITPOINT WARNING * * *
You closely miss the orc knight.
The orc knight is severely wounded.
You block the orc knight's attack.
You slash the orc knight!
The orc knight is almost dead.
You slash the orc knight!
You kill the orc knight!
Okawaru accepts your kill.
You hit the orc knight but do no damage.
You slice the orc knight!! You headbutt the orc knight.
The orc knight is heavily wounded.
The orc knight closely misses you. You furiously retaliate!
You headbutt the orc knight!! You slice the orc knight!!
You kill the orc knight!
Okawaru accepts your kill.
Found Dinofoz's Antique Weapon Shoppe.
You block the orc knight's attack.
Items here: $ )) [[ †.
You feel a strong urge to attack something.
You see here 50 gold pieces.
You slash the orc knight! Your headbutt misses the orc knight.
The orc knight is moderately wounded.
You block the orc knight's attack.
You slice the orc knight!! Your headbutt misses the orc knight.
The orc knight is severely wounded.
You barely miss the orc knight.
The orc knight is severely wounded.
The orc knight hits you with a +0 bardiche!
You die...

▓)▓.▓.▓.▓_▓
▓.▓.▓.▓.▓_▓
▓.▓.▓.▓.▓_▓
▓.▓.▓.▓.▓_▓
▓.▓.▓.▓.▓_▓
▓.▓.▓†▓.▓_▓
▓)▓.▓.▓.▓_▓
▓)▓.▓†▓.▓'▓
▓@▓.▓.▓.▓.▓
▓o▓.▓.▓.▓.▓
▓o▓.▓.▓.▓)▓
▓o▓.▓.▓.▓.▓
▓o▓.▓.▓.▓.▓
▓o▓.▓.▓.▓.▓
▓∩▓.▓.▓.▓.▓
▓.▓.▓.▓.▓.▓
▓.▓)▓.▓.▓


You could see an orc knight (strong) and 4 orc warriors.

Vanquished Creatures
  A hydra (D)
  A catoblepas (D)
  A centaur warrior (D)
  2 two-headed ogres (D)
  6 orc knights (D)
  A deep elf pyromancer (D)
  Joseph (D)
  6 cane toads (D)
  A kobold demonologist (D)
  3 komodo dragons (D)
  A polar bear (D)
  4 blink frogs (D)
  A wyvern (D)
  2 yaks (D)
  A basilisk (D)
  4 vampire mosquitoes (D)
  An acid dragon (D)
  A water moccasin (D)
  An ice beast (D)
  10 orc warriors (D)
  A sky beast (D)
  A black bear (D)
  A centaur (D)
  3 bullfrogs (D)
  A hound (D)
  3 orc priests (D)
  An orc wizard (D)
  An adder (D)
  10 orcs (D)
  2 bat zombies (D)
  2 endoplasms (D)
  2 goblins (D)
  A hobgoblin (D)
78 creatures vanquished.

Notes
Turn   | Place    | Note
-------+----------+-------------------------------------------
     0 | D        | boopmooplesden the Minotaur Fighter began the quest for the
                  | Orb.
     0 | D        | Reached XP level 1. HP: 19/19 MP: 0/0
    15 | D        | Reached skill level 3 in Axes
    45 | D        | Noticed an ice beast
    45 | D        | Noticed a hound
    45 | D        | Noticed a centaur
    45 | D        | Noticed a sky beast
    48 | D        | Killed an ice beast
    48 | D        | Killed a hound
    49 | D        | Reached skill level 5 in Axes
    49 | D        | Reached XP level 2. HP: 11/31 MP: 1/1
    49 | D        | Reached XP level 3. HP: 14/38 MP: 2/2
    49 | D        | Reached XP level 4. HP: 16/45 MP: 3/3
    51 | D        | Reached XP level 5. HP: 19/52 MP: 4/4
    52 | D        | Killed a centaur
    53 | D        | Reached skill level 6 in Axes
    57 | D        | Killed a sky beast
    58 | D        | Reached skill level 1 in Dodging
    58 | D        | Reached XP level 6. HP: 23/62 MP: 5/5
   253 | D        | Found a snail-covered altar of Cheibriados.
   253 | D        | Found a shadowy altar of Dithmenos.
   253 | D        | Found a white marble altar of Elyvilon.
   253 | D        | Found a blossoming altar of Fedhas.
   253 | D        | Found an opulent altar of Gozag.
   254 | D        | Found a hazy altar of Hepliaklqana.
   255 | D        | Found a viscous altar of Jiyva.
   256 | D        | Found an ancient bone altar of Kikubaaqudgha.
   257 | D        | Found a corrupted altar of Lugonu.
   258 | D        | Found a burning altar of Makhleb.
   259 | D        | Found a sparkling altar of Nemelex Xobeh.
   260 | D        | Found an iron altar of Okawaru.
   261 | D        | Found a stormy altar of Qazlal.
   262 | D        | Found a sacrificial altar of Ru.
   263 | D        | Found a shimmering blue altar of Sif Muna.
   264 | D        | Found a bloodstained altar of Trog.
   265 | D        | Found a hide-covered altar of Uskayaw.
   266 | D        | Found a radiant altar of Vehumet.
   267 | D        | Found an ornate altar of the Wu Jian Council.
   268 | D        | Became a worshipper of Warmaster Okawaru
   269 | D        | Found a shimmering altar of Xom.
   270 | D        | Found a basalt altar of Yredelemnul.
   271 | D        | Found a glowing silver altar of Zin.
   272 | D        | Found a glowing golden altar of the Shining One.
   321 | D        | Noticed a two-headed ogre
   321 | D        | Noticed a kobold demonologist
   321 | D        | Noticed a komodo dragon
   321 | D        | Noticed a yak
   326 | D        | Killed a two-headed ogre
   326 | D        | Reached * piety under Okawaru
   327 | D        | Reached skill level 9 in Axes
   327 | D        | Reached XP level 7. HP: 51/74 MP: 6/6
   332 | D        | Killed a kobold demonologist
   332 | D        | Reached ** piety under Okawaru
   333 | D        | Reached XP level 8. HP: 58/82 MP: 7/7
   342 | D        | Killed a komodo dragon
   343 | D        | Reached skill level 10 in Axes
   347 | D        | Reached *** piety under Okawaru
   348 | D        | Reached skill level 1 in Stealth
   531 | D        | Noticed a two-headed ogre
   531 | D        | Noticed a centaur warrior
   531 | D        | Noticed a deep elf pyromancer
   536 | D        | Killed a two-headed ogre
   537 | D        | Reached skill level 11 in Axes
   537 | D        | Reached XP level 9. HP: 79/91 MP: 5/8
   540 | D        | Killed a centaur warrior
   540 | D        | Reached **** piety under Okawaru
   541 | D        | Reached skill level 12 in Axes
   542 | D        | Killed a deep elf pyromancer
   543 | D        | Reached skill level 13 in Axes
   555 | D        | Reached ***** piety under Okawaru
   942 | D        | Noticed a seven-headed hydra
   942 | D        | Noticed a cane toad
   942 | D        | Noticed a cane toad
   942 | D        | Noticed a cane toad
   942 | D        | Noticed a komodo dragon
   952 | D        | Killed a 15-headed hydra
   953 | D        | Reached skill level 14 in Axes
   953 | D        | Reached skill level 1 in Invocations
   953 | D        | Reached XP level 10. HP: 48/102 MP: 7/9
   957 | D        | Killed a cane toad
   960 | D        | Noticed a cane toad
   963 | D        | Killed a cane toad
   966 | D        | Killed a cane toad
   970 | D        | HP: 3/103 [komodo dragon (23)]
   983 | D        | Killed a cane toad
   983 | D        | Received a gift from Okawaru
   984 | D        | Reached skill level 15 in Axes
  1219 | D        | Noticed a catoblepas
  1229 | D        | Noticed a cane toad
  1237 | D        | Killed a catoblepas
  1242 | D        | Reached skill level 15 in Shields
  1246 | D        | Reached skill level 16 in Axes
  1254 | D        | Reached skill level 15 in Fighting
  1259 | D        | Killed a cane toad
  1281 | D        | Reached XP level 11. HP: 60/112 MP: 11/11
  1474 | D        | Received a gift from Okawaru
  1490 | D        | Reached skill level 17 in Axes
  1562 | D        | Noticed Joseph
  1572 | D        | Killed Joseph
  1657 | D        | Noticed an orc knight
  1670 | D        | Killed an orc knight
  1725 | D        | Noticed an orc knight
  1748 | D        | Killed an orc knight
  1756 | D        | Reached skill level 18 in Axes
  2073 | D        | Found Qoawales's Antique Armour Emporium.
  2073 | D        | Noticed an orc knight
  2073 | D        | Noticed an orc knight
  2073 | D        | Noticed an orc knight
  2086 | D        | Killed an orc knight
  2090 | D        | Noticed an orc knight
  2092 | D        | Noticed an orc knight
  2097 | D        | Killed an orc knight
  2098 | D        | Reached skill level 15 in Armour
  2107 | D        | HP: 4/171 [orc knight (13)]
  2110 | D        | Killed an orc knight
  2113 | D        | Killed an orc knight
  2114 | D        | Found Dinofoz's Antique Weapon Shoppe.
  2118 | D        | Mangled by an orc knight

Illustrated notes

Levels and vault maps discovered:
D:        linesprint [early_d, line_temple, items_1, d_10, items_2, lair_1,
          lair_end, items_3, orc_1, orc_end, items_4, d_15, swamp_1, shoals_1,
          snake_1, spider_1, d_20, vaults_1, items_5, swamp_end, shoals_end,
          snake_end, spider_end, vaults_end, d_27, items_6, zot_1, zot_end,
          crypt_end, forest_end, elf_end, slime_end, tomb_end, abyss_end,
          pan_hell_end]

Skill      XL: |  1  2  3  4  5  6  7  8  9 10 11 |
---------------+----------------------------------+-----
Fighting       | 6 7 8 11 12 13 15 16 | 16.4
Armour         | 7 9 11 12 13 14 15 | 15.2
Shields        | 7 9 11 12 13 15 16 | 16.3
Axes           | 5 6 9 11 14 16 18 | 18.7
Dodging        | 1 2 3 4 |  4.8
Stealth        | 1 2 3 |  3.5
Invocations    | 1 2 |  2.8

Action                   |  1- 3 |  4- 6 |  7- 9 | 10-12 || total
-------------------------+-------+-------+-------+-------++-------
Melee: War axe           |    14 |     8 |       |       ||    22
       Headbutt          |     1 |     4 |    16 |    38 ||    59
       Broad axe         |       |     5 |    63 |   202 ||   270
Invok: Heroism           |       |       |     3 |     6 ||     9
  Use: Potion            |     1 |       |       |     6 ||     7
       Scroll            |       |       |     2 |       ||     2
 Stab: Petrified         |       |       |       |     2 ||     2
       Petrifying        |       |       |       |     1 ||     1
Armor: Scale mail        |     5 |     6 |       |       ||    11
       Plate armour      |       |     4 |    47 |    32 ||    83
Dodge: Dodged            |     3 |       |    24 |    32 ||    59
Block: Kite shield       |     6 |     5 |    50 |    80 ||   141
